 Dungeon Crawl Stone Soup version 0.24.0-41-g2ae2f7f1be (webtiles) character file.

Game seed: 9003632083775792735, levelgen mode: deterministic

13 Gwanngwann the Grave Robber (level 2, -1/20 HPs)
             Began as a Ghoul Necromancer on Dec 13, 2019.
             Killed from afar by a dart slug (7 damage)
             ... with a slug dart
             ... on level 1 of the Dungeon.
             The game lasted 00:04:50 (372 turns).

Gwanngwann the Grave Robber (Ghoul Necromancer)      Turns: 372, Time: 00:04:50

Health: -1/20      AC:  3    Str: 11    XL:     2   Next: 37%
Magic:  3/3        EV: 12    Int: 10    God:
Gold:   26         SH:  0    Dex:  9    Spells: 3/4 levels left

rFire    . . .     SeeInvis .   e - +0 whip
rCold    + . .     Gourm    .   (no shield)
rNeg     + + +     Faith    .   a - +0 robe
rPois    ∞         Spirit   .   b - +0 helmet
rElec    .         Reflect  .   (no cloak)
rCorr    .         Harm     .   (no gloves)
MR       .....                  (no boots)
Stlth    ++........             (no amulet)
HPRegen  0.00/turn              (no ring)
MPRegen  0.08/turn              (no ring)

@: rotting
A: rotting body, claws 1, carnivore, cold resistance 1, negative energy
resistance 3, inhibited regeneration, torment resistance, unbreathing
a: no special abilities


You were on level 1 of the Dungeon.
You were not hungry.

You visited 1 branch of the dungeon, and saw 1 of its levels.

You collected 26 gold pieces.

Inventory:

Hand Weapons
 e - a +0 whip (weapon)
Missiles
 f - 20 arrows
Armour
 a - a +0 robe (worn)
 b - a +0 helmet (worn)
 g - a +0 pair of gloves
Scrolls
 d - a scroll of remove curse {unknown}
Comestibles
 c - 2 chunks of flesh


   Skills:
 + Level 0.1 Maces & Flails
 + Level 1.7 Dodging
 + Level 2.4 Stealth
 + Level 1.7 Spellcasting
 + Level 4.4 Necromancy


You had 3 spell levels left.
You knew the following spells:

 Your Spells              Type           Power        Failure   Level  Hunger
a - Pain                  Necr           #...         5%          1    ##.....

Your spell library contained the following spells:

 Spells                   Type           Power        Failure   Level  Hunger
 Animate Skeleton         Necr           N/A          5%          1    ##.....
 Vampiric Draining        Necr           #.........   16%         3    ####...
 Regeneration             Chrm/Necr      #.........   36%         3    ####...
 Animate Dead             Necr           N/A          45%         4    #####..


Dungeon Overview and Level Annotations

Branches:
Dungeon (1/15)

Altars:


Innate Abilities, Weirdness & Mutations

Your body is rotting away.
You thrive on raw meat.
You are immune to poison.
You have sharp fingernails.
You are carnivorous and can eat meat at any time.
Your flesh is cold resistant. (rC+)
You are immune to negative energy. (rN+++)
You do not regenerate when monsters are visible.
You are immune to unholy pain and torment.
You can survive without breathing.


Message History

A bat comes into view.
A frilled lizard comes into view.
A hobgoblin comes into view. It is wielding a +0 club.
The hobgoblin shouts!
You see here a pair of gloves.
g - a pair of gloves The bat hits you but does no damage.
The bat closely misses you.
You barely miss the bat. The bat hits you but does no damage.
The bat closely misses you. The leopard gecko barely misses you.
You hit the bat.
You kill the bat!
The leopard gecko hisses menacingly.
The leopard gecko closely misses you.
A goblin comes into view. It is wielding a +0 dagger.
The dart slug bites you.
* * * LOW HITPOINT WARNING * * *
You hit the dart slug.
The dart slug is moderately wounded.
The dart slug launches a dart at you. The slug dart hits you!
You die...

.#.#.#.#.##.......#####
..........(#......... ..
#.#.#.#.#.##.......# #.
..........#.......# #.
#.#.#.#.##...... #.
...........#.# #.
#.#.#.#†#.#.....#######.
.....gw...÷÷..#.........
#$#.#.#@#.##.##.########
.....lgl...#.##.#
#.#.#.#.#.##.##.#
..........#.##.#
#.#.#.#.#.#...#.#
............#.#.# #.#.#
#g#.#.#...# .. ... ... #
#


You could see a dart slug, a leopard gecko, 2 hobgoblins, a goblin and a frilled
lizard.

Vanquished Creatures
  A dart slug (D:1)
  3 bats (D:1)
  A goblin (D:1)
  A hobgoblin (D:1)
  2 frilled lizards (D:1)
  2 kobolds (D:1)
  3 rats (D:1)
13 creatures vanquished.

Notes
Turn   | Place    | Note
-------+----------+-------------------------------------------
     0 | D:1      | Gwanngwann the Ghoul Necromancer began the quest for the
                  | Orb.
     0 | D:1      | Reached XP level 1. HP: 14/14 MP: 2/2
   267 | D:1      | Reached XP level 2. HP: 10/20 MP: 3/3
   372 | D:1      | Killed from afar by a dart slug

Levels and vault maps discovered:
D:1:      evilmike_arrival_rings, layout_loops_ring, st_stairs_11,
          chequers_decorated_corner

Action                   || total
-------------------------++-------
Melee: Whip              ||    35
 Cast: Pain              ||     2
 Stab: Sleeping          ||     1
  Eat: Ration            ||     1
Armor: Robe              ||    13
Dodge: Dodged            ||    31
